 Dungeon Crawl Stone Soup version 0.20.1-1-g8b1a95d (webtiles) character file.

305 Vourdeox the Skirmisher (level 6, -2/48 HPs)
             Began as a Human Berserker on Nov 24, 2017.
             Was a Believer of Trog.
             Slain by an ogre
             ... wielding a +0 giant spiked club
              (6 damage)
             ... on level 5 of the Dungeon.
             The game lasted 00:33:39 (2184 turns).

Vourdeox the Skirmisher (Human Berserker)           Turns: 2184, Time: 00:33:40

Health: -2/48      AC: 10    Str: 16 (19) XL:     6   Next: 67%
Magic:  0/6        EV:  7    Int:  6 (7)  God:    Trog [**....]
Gold:   141        SH:  0    Dex: 12 (13) Spells: 5/5 levels left

rFire    . . .     SeeInvis .   d - +0 flail
rCold    . . .     Gourm    .   (no shield)
rNeg     . . .     Faith    .   q - +0 chain mail
rPois    .         Spirit   +   A - +0 helmet
rElec    .         Reflect  .   (no cloak)
rCorr    .         Harm     .   (no gloves)
MR       .....                  (no boots)
Stlth    ..........             B - amulet of guardian spirit
Regen    0.2/turn               (no ring)
MPRegen  0.1/turn               (no ring)

@: no status effects
A: no striking features
a: Berserk, Trog's Hand, Burn Spellbooks, Renounce Religion


You were on level 5 of the Dungeon.
You worshipped Trog.
Trog was pleased with you.
You were not hungry.

You visited 1 branch of the dungeon, and saw 5 of its levels.

You collected 141 gold pieces.

Inventory:

Hand Weapons
 a - a +0 hand axe
 d - a +0 flail (weapon)
 f - a +0 club
 g - a +0 short sword
 k - a +0 whip
 n - a +0 dagger
 o - a +0 club
 p - a +0 flail
 r - a +0 hunting sling
 t - a +0 whip
Missiles
 h - 95 stones (quivered)
 l - 65 arrows
 u - 8 poisoned needles
 x - 8 tomahawks
Armour
 b - a +0 animal skin
 e - a +0 ring mail
 q - a +0 chain mail (worn)
 A - a +0 helmet (worn)
Jewellery
 y - the ring "Caigiz" {Fire Str+3 SInv Stlth-}
   (You found it on level 4 of the Dungeon)

   [ring of fire]

   It enhances your fire magic.
   It affects your strength (+3).
   It protects you from fire.
   It makes you vulnerable to cold.
   It lets you see invisible.
   It makes you less stealthy.
 B - an amulet of guardian spirit (around neck)
Scrolls
 j - 3 scrolls of remove curse
 w - a scroll of amnesia
Potions
 s - a potion of lignification {unknown}
Comestibles
 c - 2 bread rations
 m - a royal jelly
 z - 4 fruits


   Skills:
 + Level 4.0 Fighting
 - Level 3.6(4.3) Axes
 + Level 3.6(4.3) Maces & Flails
 + Level 3.6 Armour
 - Level 2.4 Dodging


You had 5 spell levels left.
You didn't know any spells.

Dungeon Overview and Level Annotations

Branches:
Dungeon (5/15)
 Temple: D:4-7

Altars:
Kikubaaqudgha


Message History

The ogre barely misses you.
You barely miss the ogre.
The ogre is heavily wounded.
The ogre hits you with a giant spiked club.
You hit the ogre but do no damage.
The ogre is heavily wounded.
The ogre hits you with a giant spiked club!!
Ouch! That really hurt!
* * * LOW HITPOINT WARNING * * *
You hit the ogre.
The ogre is heavily wounded.
The ogre hits you with a giant spiked club.
* * * LOW HITPOINT WARNING * * *
It was a potion of degeneration.
There was something very wrong with that liquid.
You feel weakened.
You feel dopey.
You feel clumsy.
Your chain mail prevents you from hitting the ogre.
The ogre is heavily wounded.
The ogre hits you with a giant spiked club!
You die...

.........#)######.............#
.........#.# #.#....#......#
.........#.# #......#.#.####
.........#.# ###....#.....
########.#.# #....#.#.### #.#.#
#....#.#.#
#.#.########....#.#.#
#.#...............#.#
...............@.#.######.#
#######.########O#........# #.#
#.########## #.# #.# #.# #.#
#.# #.# #.# #.# #.# ..#


You could see an ogre.

Vanquished Creatures
  An ice beast (D:5)
  An orc priest (D:5)
  A hound (D:5)
  An orc wizard (D:5)
  A worker ant (D:4)
  A worker ant zombie (D:5)
  3 gnolls (D:5)
  3 adders
  An adder zombie (D:5)
  7 orcs
  3 bats
  2 giant cockroaches
  4 goblins
  3 hobgoblins (D:1)
  A quokka (D:2)
  5 kobolds (D:1)
38 creatures vanquished.

Vanquished Creatures (others)
  A human (D:3)
1 creature vanquished.

Grand Total: 39 creatures vanquished

Notes
Turn   | Place    | Note
-------+----------+-------------------------------------------
     0 | D:1      | Vourdeox the Human Berserker began the quest for the Orb.
     0 | D:1      | Reached XP level 1. HP: 18/18 MP: 1/1
   390 | D:1      | Reached XP level 2. HP: 18/24 MP: 2/2
   847 | D:2      | You fall through a shaft!
   918 | D:3      | Reached XP level 3. HP: 29/29 MP: 3/3
   924 | D:3      | Found an ancient bone altar of Kikubaaqudgha.
   925 | D:3      | Noticed a human
   927 | D:3      | Killed a human
  1476 | D:4      | Reached skill level 1 in Maces & Flails
  1476 | D:4      | Reached XP level 4. HP: 32/36 MP: 4/4
  1521 | D:4      | Got an ancient jade ring
  1534 | D:4      | Identified the ring "Caigiz" {Fire Str+3 SInv Stlth-} (You found it on level 4 of the Dungeon)
  1624 | D:5      | Entered Level 5 of the Dungeon
  1657 | D:5      | Noticed an ice beast
  1689 | D:5      | Reached XP level 5. HP: 8/42 MP: 0/5
  1777 | D:5      | Reached ** piety under Trog
  1864 | D:5      | Reached XP level 6. HP: 24/48 MP: 6/6
  1895 | D:5      | Reached skill level 4 in Fighting
  2032 | D:5      | Killed an ice beast
  2169 | D:5      | Noticed an ogre
  2184 | D:5      | Slain by an ogre

Skill      XL: |  1  2  3  4  5  6 |
---------------+-------------------+-----
Maces & Flails | 1 2 3 |  3.6
Armour         | 3 |  3.6
Fighting       | 4 |  4.0
Axes           | |  3.6
Dodging        | |  2.4

Action                   |  1- 3 |  4- 6 || total
-------------------------+-------+-------++-------
Melee: Hand axe          |    25 |       ||    25
       Flail             |    53 |   104 ||   157
  Use: Scroll            |     4 |     2 ||     6
       Potion            |       |     4 ||     4
  Eat: Chunk             |     2 |     2 ||     4
Armor: Ring mail         |    10 |       ||    10
       Chain mail        |    23 |    65 ||    88
Dodge: Dodged            |    38 |    43 ||    81
